 Dungeon Crawl Stone Soup version 0.28.0-45-g0d030f2227 (webtiles) character file.

Game seed: 12192551318744006214

6212 Icepheonix32 the Protected (level 10, 0/81 HPs)
             Began as a Demonspawn Fighter on Apr 7, 2022.
             Was a Follower of Uskayaw.
             Slain by a one-headed hydra (7 damage)
             ... on level 11 of the Dungeon.
             The game lasted 00:10:50 (10780 turns).

Icepheonix32 the Protected (Demonspawn Fighter)    Turns: 10780, Time: 00:10:50

Health: 0/81       AC: 11    Str: 22    XL:     10   Next: 61%
Magic:  13/13      EV: 16    Int:  9    God:    Uskayaw [*.....]
Gold:   582        SH:  9    Dex: 12    Spells: 11/11 levels left

rFire   + . .      SeeInvis .   G - +1 scimitar (flame)
rCold   + . .      Faith    .   c - +0 buckler
rNeg    . . .      Spirit   .   d - +2 scale mail {rF+}
rPois   .          Reflect  .   (helmet restricted)
rElec   .          Harm     .   (no cloak)
rCorr   +          Rampage  .   (no gloves)
Will    .....                   (no boots)
Stlth   ++........              (no amulet)
HPRegen 0.23/turn               f - ring of resist corrosion
MPRegen 0.13/turn               i - ring of protection from cold

@: agile
A: claws 2, rugged brown scales 1, powered by pain 1, condensation shield,
antennae 1, camouflage 1
a: Renounce Religion, Stomp


You were on level 11 of the Dungeon.
You worshipped Uskayaw.
Uskayaw was noncommittal.
You visited 1 branch of the dungeon, and saw 11 of its levels.

You collected 582 gold pieces.

Inventory:

Hand Weapons
 a - a +0 long sword
 b - a +1 dagger of venom
 n - a +0 rapier
 o - a +4 short sword of draining
 y - the +8 woodcutter's axe {vorpal}
   (You took it off a gnoll on level 5 of the Dungeon)

   It inflicts extra damage upon your enemies.
 G - a +1 scimitar of flaming (weapon)
Missiles
 l - 17 poisoned darts
 p - 4 boomerangs (quivered)
 v - 4 javelins
 F - 2 throwing nets
Armour
 c - a +0 buckler (worn)
 d - a +2 scale mail of fire resistance (worn)
Magical Staves
 q - a staff of earth
Jewellery
 f - a ring of resist corrosion (left claw)
 g - a ring of fire
 i - a ring of protection from cold (right claw)
 A - a +6 ring of intelligence
 N - a ring of ice
Wands
 r - a wand of flame (42)
 D - a wand of acid (15)
Scrolls
 m - 2 scrolls of blinking
 t - a scroll of torment {unknown}
 w - 2 scrolls of fog {unknown}
 B - a scroll of vulnerability {unknown}
 E - 3 scrolls of teleportation
 I - a scroll of magic mapping {unknown}
 K - a scroll of silence {unknown}
 L - 2 scrolls of enchant weapon
 M - a scroll of fear {unknown}
Potions
 e - a potion of flight
 h - 3 potions of curing
 j - 2 potions of magic {unknown}
 k - a potion of berserk rage
 s - 3 potions of lignification {unknown}
 u - 2 potions of degeneration {unknown}
 x - 3 potions of attraction {unknown}
 z - a potion of heal wounds {unknown}
 C - 3 potions of ambrosia {unknown}
 J - 2 potions of haste {unknown}
Miscellaneous
 H - a condenser vane


   Skills:
 + Level 7.5 Fighting
 - Level 2.2(2.6) Short Blades
 - Level 2.0(2.5) Long Blades
 + Level 4.4 Axes
 + Level 8.5 Armour
 + Level 4.0 Dodging
 + Level 4.5 Stealth
 + Level 6.6 Shields
 - Level 1.1 Spellcasting
 * Level 4.4 Invocations


You had 11 spell levels left.
You didn't know any spells.
Your spell library contained the following spells:

 Spells                   Type           Power      Damage    Failure   Level
 Sting                    Tmut/Pois      0%         1d3       71%         1
 Poisonous Vapours        Pois/Air       0%         N/A       85%         2
 Gell's Gravitas          Tloc           0%         N/A       97%         3
 Ignite Poison            Fire/Tmut/Pois 0%         N/A       97%         3
 Tukima's Dance           Hex            0%         N/A       97%         3
 Anguish                  Hex/Necr       0%         N/A       100%        4
 Hailstorm                Conj/Ice       0%         3d3       100%        4
 Ice Form                 Ice/Tmut       0%         N/A       100%        4
 Olgreb's Toxic Radiance  Pois           0%         N/A       100%        4
 Petrify                  Tmut/Erth      0%         N/A       100%        4
 Simulacrum               Ice/Necr       0%         N/A       100%        6
 Enfeeble                 Hex            0%         N/A       100%        7
 Malign Gateway           Summ/Tloc      0%         N/A       100%        7


Dungeon Overview and Level Annotations

Branches:
Dungeon (11/15)            Temple (0/1) D:5            Lair (0/6) D:10
    Orc (0/2) D:10

Altars:
Ashenzari
Dithmenos
Elyvilon
Fedhas
Gozag
Nemelex Xobeh
Qazlal
Sif Muna
Trog
Uskayaw
Vehumet
Wu Jian
Xom
Yredelemnul
The Shining One

Shops:
D:2 !   D:8 [   D:10 (

Annotations:
D:9 1 runed translucent door
D:11 exclusion: obsidian statue


Innate Abilities, Weirdness & Mutations

You have very sharp fingernails.
You are partially covered in rugged brown scales. (AC +1, +3% HP)
You sometimes gain a little power by taking damage.
A meltable shield of frost defends you. (SH +4)
You have a pair of small antennae on your head.
Your skin changes colour to match your surroundings (Stealth+).


Message History

The four-headed hydra closely misses you.
The four-headed hydra bites you.
You block the four-headed hydra's attack. x2
Your +1 scimitar of flaming bursts into flame!
G - a +1 scimitar of flaming (weapon)
The four-headed hydra bites you.
You block the four-headed hydra's attack.
The four-headed hydra bites you!
The four-headed hydra bites you but does no damage.
You lop one of the four-headed hydra's heads off!
The flame cauterises the wound!
You hit the three-headed hydra. You burn the three-headed hydra.
The three-headed hydra is lightly wounded.
The three-headed hydra completely misses you.
You block the three-headed hydra's attack. x2
You completely miss the three-headed hydra.
The three-headed hydra is lightly wounded.
The three-headed hydra bites you!
* * * LOW HITPOINT WARNING * * *
You block the three-headed hydra's attack.
The three-headed hydra bites you but does no damage.
You hack one of the three-headed hydra's heads off!
The flame cauterises the wound!
You slash the two-headed hydra! You burn the two-headed hydra!
The two-headed hydra is moderately wounded.
You block the two-headed hydra's attack.
The two-headed hydra bites you!
* * * LOW HITPOINT WARNING * * *
You focus on the pain.
You feel agile all of a sudden. The two-headed hydra bites you.
* * * LOW HITPOINT WARNING * * *
The two-headed hydra bites you but does no damage.
Unknown command.
You hack one of the two-headed hydra's heads off!
The flame cauterises the wound!
You hit the one-headed hydra. You burn the one-headed hydra.
The one-headed hydra is moderately wounded.
The one-headed hydra bites you!
You die...

.. ... #..... ..##... #.###.
#..... #..... . #....#
##.... ..######.##.# #.##.
............#+##########....
...........................
#..#..#...##########..##..#.
..........D@................
############################


You could see an one-headed hydra.

Vanquished Creatures
  Erica (D:9)
  A two-headed ogre (D:10)
  An unseen horror (D:11)
  A kobold demonologist (D:11)
  A troll (D:10)
  A hornet (D:11)
  4 yaks (D:11)
  A wraith (D:10)
  A water moccasin (D:7)
  7 orc warriors
  2 black bears
  3 sky beasts
  A necrophage (D:6)
  A hornet zombie (D:9)
  An ogre (D:5)
  4 centaurs
  3 bullfrogs
  Blork the orc (D:6)
  A scorpion (D:7)
  A water moccasin zombie (D:6)
  A wyvern skeleton (D:7)
  2 water moccasin skeletons
  5 howler monkeys (D:10)
  2 centaur zombies
  6 orc priests
  A hound (D:5)
  2 centaur skeletons (D:7)
  3 jellies
  Terence (D:2)
  Jessica (D:3)
  An orc wizard (D:7)
  A howler monkey zombie (D:10)
  16 gnolls
  A howler monkey skeleton (D:7)
  10 adders
  A shadow imp (D:8)
  2 white imps (D:7)
  An ufetubus (D:5)
  3 worms
  A dart slug (D:1)
  31 orcs
  5 bats
  4 endoplasms
  2 giant cockroaches
  11 goblins
  6 hobgoblins
  10 kobolds
  2 quokkas (D:2)
  3 ball pythons
  5 frilled lizards
  A goblin zombie (D:9)
  9 rats
187 creatures vanquished.

Vanquished Creatures (others)
  11 plants
11 creatures vanquished.

Grand Total: 198 creatures vanquished

Notes
Turn   | Place    | Note
-------+----------+-------------------------------------------
     0 | D:1      | Icepheonix32 the Demonspawn Fighter began the quest for the
                  | Orb.
     0 | D:1      | Reached XP level 1. HP: 18/18 MP: 1/1
   336 | D:1      | Gained mutation: You are partially covered in rugged brown
                  | scales. (AC +1, +3% HP) [demonic ancestry]
   336 | D:1      | Reached XP level 2. HP: 18/24 MP: 2/2
   453 | D:1      | Reached skill level 3 in Armour
   826 | D:2      | Found Kuan's Distillery.
   829 | D:2      | Noticed Terence
   835 | D:2      | Killed Terence
   836 | D:2      | Reached XP level 3. HP: 13/29 MP: 3/3
  1345 | D:2      | Gained mutation: You have sharp fingernails. [demonic
                  | ancestry]
  1345 | D:2      | Reached XP level 4. HP: 33/36 MP: 4/4
  1411 | D:2      | Reached skill level 1 in Dodging
  2323 | D:3      | Gained mutation: A meltable shield of frost defends you.
                  | (SH +4) [demonic ancestry]
  2323 | D:3      | Reached XP level 5. HP: 15/43 MP: 5/5
  2364 | D:3      | Reached skill level 4 in Armour
  2600 | D:3      | Noticed Jessica
  2603 | D:3      | Killed Jessica
  2820 | D:3      | Found a broken altar of Ashenzari.
  2821 | D:3      | Found a bloodstained altar of Trog.
  2821 | D:3      | Found an opulent altar of Gozag.
  2844 | D:3      | Found a hide-covered altar of Uskayaw.
  2844 | D:3      | Found a stormy altar of Qazlal.
  2863 | D:3      | Became a worshipper of Uskayaw the Reveller
  3040 | D:3      | Found a faded altar of an unknown god.
  3141 | D:3      | Gained mutation: Your skin changes colour to match your
                  | surroundings (Stealth+). [potion of mutation]
  3141 | D:3      | Gained mutation: You have a pair of small antennae on your
                  | head. [potion of mutation]
  3546 | D:4      | Reached * piety under Uskayaw
  3634 | D:4      | Reached ** piety under Uskayaw
  3637 | D:4      | Reached skill level 1 in Spellcasting
  3637 | D:4      | Reached XP level 6. HP: 46/49 MP: 7/7
  3662 | D:4      | Reached skill level 1 in Short Blades
  4190 | D:5      | Entered Level 5 of the Dungeon
  4239 | D:5      | Reached *** piety under Uskayaw
  4491 | D:5      | Reached skill level 1 in Stealth
  4713 | D:5      | Reached XP level 7. HP: 24/55 MP: 8/8
  5102 | D:5      | Reached skill level 5 in Armour
  5186 | D:5      | Found a staircase to the Ecumenical Temple.
  5242 | D:5      | Reached **** piety under Uskayaw
  6078 | D:6      | Noticed Blork the orc
  6085 | D:6      | Killed Blork the orc
  6086 | D:6      | Gained mutation: You sometimes gain a little power by
                  | taking damage. [demonic ancestry]
  6086 | D:6      | Reached XP level 8. HP: 58/62 MP: 9/9
  6226 | D:6      | Found a shimmering blue altar of Sif Muna.
  6292 | D:6      | Reached skill level 1 in Axes
  6292 | D:6      | Reached skill level 6 in Armour
  6292 | D:6      | Reached skill level 5 in Shields
  6334 | D:6      | Reached skill level 5 in Fighting
  6504 | D:6      | Found a shimmering altar of Xom.
  6736 | D:6      | Got Zeodoff's Reference Book on Displacement and Moulding
  6756 | D:7      | Found a radiant altar of Vehumet.
  7123 | D:7      | Found an ornate altar of the Wu Jian Council.
  7455 | D:7      | Found a blossoming altar of Fedhas.
  7470 | D:7      | Gained mutation: You have very sharp fingernails. [demonic
                  | ancestry]
  7470 | D:7      | Reached XP level 9. HP: 71/71 MP: 10/10
  7485 | D:7      | Found a sparkling altar of Nemelex Xobeh.
  7699 | D:8      | Found a shadowy altar of Dithmenos.
  8133 | D:8      | Found Bayajidda's Dragon-Slaying Spoils.
  8405 | D:8      | Reached skill level 7 in Armour
  8796 | D:9      | Found a runed translucent door.
  8860 | D:9      | Found a basalt altar of Yredelemnul.
  8886 | D:9      | Noticed Erica
  8895 | D:9      | Killed Erica
  9378 | D:10     | Entered Level 10 of the Dungeon
  9384 | D:10     | Found Zoena's Weapon Shop.
  9431 | D:10     | Noticed a troll
  9451 | D:10     | Killed a troll
  9591 | D:10     | Found a staircase to the Lair.
  9624 | D:10     | Noticed a two-headed ogre
  9635 | D:10     | Killed a two-headed ogre
  9636 | D:10     | Reached skill level 8 in Armour
  9636 | D:10     | Reached XP level 10. HP: 35/81 MP: 11/11
  9753 | D:10     | Reached ***** piety under Uskayaw
  9922 | D:10     | Found a staircase to the Orcish Mines.
 10500 | D:11     | Noticed an obsidian statue
 10731 | D:11     | Noticed a four-headed hydra
 10780 | D:11     | Slain by a one-headed hydra

Illustrated notes

Levels and vault maps discovered:
D:1:      lightli_arrival_farm, layout_loops_ring, serial_glass,
          glass_columns_a, glass_columns_b, glass_columns_a, glass_columns_b,
          nrook_uturn
D:2:      layout_rooms, serial_shops, nicolae_shop_trees, serial_bayou_crossing,
          uniq_terence
D:3:      layout_basic, grunt_temple_overflow_open,
          shapermc_ecumenical_altar_petra, grunt_ministairs_12, minivault_27,
          dk_noncrumbling_3, lexackson_kobold_supper, uniq_jessica
D:4:      layout_loops_cross, minivault_4
D:5:      layout_loops_ring, lemuel_coloured_pillars_altar, temple_doors_e,
          kennysheep_small_square
D:6:      layout_basic, marbit_many_paths, mainiacjoe_overflow_surrounded_room,
          uniq_blork_the_orc
D:7:      layout_rooms, nemelex_diamond_rough_becter, fedhas_altar_2,
          hangedman_feature_mirror, kennysheep_windowed_goal
D:8:      layout_cave_pods, grunt_dithmenos_smoke_and_mirrors,
          nicolae_shop_dragon_depot, kennysheep_generic_room_12
D:9:      layout_roguey, dk_yredelemnul_ordeal, minivault_1, uniq_erica
D:10:     layout_big_octagon, david_orc_4, serial_shops, shop
D:11:     minmay_polygon_palace, layout_stronghold, minmay_protected_statue

Skill      XL: |  1  2  3  4  5  6  7  8  9 10 |
---------------+-------------------------------+-----
Long Blades    | 2 |  2.0
Armour         | 3 4 5 6 8 |  8.5
Shields        | 3 4 5 6 |  6.6
Dodging        | 1 2 3 4 |  4.0
Spellcasting   | 1 |  1.1
Short Blades   | 2 |  2.2
Stealth        | 1 2 3 4 |  4.5
Fighting       | 4 5 7 |  7.5
Axes           | 2 4 |  4.4
Invocations    | 2 4 |  4.4

Action                   |  1- 3 |  4- 6 |  7- 9 | 10-12 || total
-------------------------+-------+-------+-------+-------++-------
Melee: Long sword        |    69 |    96 |       |       ||   165
       Short sword       |       |   136 |       |       ||   136
       War axe           |       |       |   221 |    57 ||   278
       Scimitar          |       |       |       |     4 ||     4
Throw: Boomerang         |       |       |     1 |       ||     1
  Use: Potion            |     1 |     1 |     2 |       ||     4
       Scroll            |       |     6 |     4 |       ||    10
 Stab: Sleeping          |       |     1 |     1 |     1 ||     3
       Paralysed         |       |       |     8 |     8 ||    16
Armor: Scale mail        |    20 |   100 |    96 |    25 ||   241
Dodge: Dodged            |    31 |   116 |    70 |    15 ||   232
Block: Buckler           |    13 |    87 |    80 |    39 ||   219
